 Dungeon Crawl Stone Soup version 0.28-a0-317-g21599a725c (webtiles) character file.

Game seed: 16595032962467937390

1113304 Conn the Infernalist (level 27, -7/170 HPs)
             Began as an Octopode Fire Elementalist on Aug 29, 2021.
             Was the Champion of Sif Muna.
             Killed by a royal mummy's death curse (30 damage)
             ... on level 2 of the Tomb of the Ancients on Sept 1, 2021.
             The game lasted 12:37:28 (149567 turns).

Conn the Infernalist (Octopode Fire Elementalist) Turns: 149567, Time: 12:37:28

Health: -7/170     AC: 21    Str: 14    XL:     27
Magic:  30/63      EV: 29    Int: 40    God:    Sif Muna [******]
Gold:   6488       SH: 18    Dex: 21    Spells: 0/80 levels left

rFire   + + +      SeeInvis +   F - +3 Elemental Staff {rElec rF++ rC++ Will++ AC+5}
rCold   + + +      Faith    .   h - +3 buckler {AC+3}
rNeg    + + +      Spirit   .   O - +2 hat {SInv}
rPois   +          Reflect  +   o - amulet of reflection
rElec   +          Harm     .   a - ring of Jealousy {rF++ rC+ AC+4}
rCorr   +          Rampage  .   q - ring of Losk {*Corrode rC++ Dex+6 SInv Stlth+}
Will    ++++.                   i - ring of Beogh's Whim {Fire rPois Int+7}
Stlth   ++++++++++              P - ring of magical power
HPRegen 0.00/turn               y - ring "Niatan" {rN+ rCorr Str+4 Dex+2}
MPRegen 0.38/turn               t - ring "Hoaniut" {rElec rC+ Int+6 Stlth+}
                                R - ring of the Cockatrice {rPois AC+4 Stlth+}
                                H - ring "Peuhanga" {rF+ rN++ Str+2 Stlth+}

@: disjoining, very slightly contaminated, inhibited regen, slowed, studying 3
skills, very slow
A: almost no armour, amphibious, 8 rings, camouflage 1, gelatinous body 1,
(nimble swimmer 1), tentacles, iridescent scales 1, dopey 1, inhibited
regeneration
}: 8/15 runes: barnacled, slimy, silver, iron, obsidian, icy, bone, gossamer
a: Renounce Religion, Channel Magic, Forget Spell, Divine Exegesis


You were on level 2 of the Tomb of the Ancients.
You worshipped Sif Muna.
Sif Muna was exalted by your worship.
You visited 17 branches of the dungeon, and saw 84 of its levels.
You also visited: Gauntlet, Ice Cave and Wizlab.

You collected 10744 gold pieces.
You spent 4256 gold pieces at shops.

Inventory:

Hand Weapons
 e - the +7 sceptre of Asmodeus
   (You took it off Asmodeus on level 7 of Gehenna)

   It can be evoked to summon fiery demons, with success rate depending on
   Evocations skill.
   Those summoned this way will remain friendly only for a limited time.
 z - the +6 rapier "Asyish" {freeze, rC+ Int+5}
   (You found it on level 10 of the Dungeon)

   It freezes those it strikes, dealing additional cold damage.
   It can also slow down cold-blooded creatures.
   Int:       It affects your intelligence (+5).
   rC:        It protects you from cold.
 F - the +3 Elemental Staff (weapon) {rElec rF++ rC++ Will++ AC+5}
   (You took it off a deep elf pyromancer on level 10 of the Dungeon)

   If the wielder is skilled in Evocations, they can discharge powerful blasts
   of elemental energy when striking with it.
   It enhances your fire, ice, earth and air magic.
   AC:        It affects your AC (+5).
   rF:        It greatly protects you from fire.
   rC:        It greatly protects you from cold.
   rElec:     It insulates you from electricity.
   Will:      It greatly increases your willpower.
 N - the +4 staff of Dispater
   (You took it off Dispater on level 7 of the Iron City of Dis)

   It can be evoked to hurl damnation at the cost of health and magic, with
   strength depending on Evocations skill.
Missiles
 w - 11 throwing nets
Armour
 h - a +3 buckler of protection (worn)
 O - a +2 hat of see invisible (worn)
 T - the +0 buckler of Anaesthesia {rPois rF++ Int+2 Dex-5}
   (You found it on level 5 of the Lair of Beasts)

   Int:       It affects your intelligence (+2).
   Dex:       It affects your dexterity (-5).
   rF:        It greatly protects you from fire.
   rPois:     It protects you from poison.
 V - the +1 buckler "Penakuj" {rElec Str+3 Int+6}
   (You acquired it on level 5 of the Lair of Beasts)

   Str:       It affects your strength (+3).
   Int:       It affects your intelligence (+6).
   rElec:     It insulates you from electricity.
Magical Staves
 p - a staff of fire
Jewellery
 a - the ring of Jealousy (left tentacle) {rF++ rC+ AC+4}
   (You took it off a deep elf elementalist on level 3 of the Elven Halls)

   [ring of protection]

   AC:        It affects your AC (+4).
   rF:        It greatly protects you from fire.
   rC:        It protects you from cold.
 f - the ring of Qoyt {Contam Will+ Int+6}
   (You found it on level 5 of the Pits of Slime)

   [ring of willpower]

   Int:       It affects your intelligence (+6).
   Contam:    It causes magical contamination when unequipped.
   Will:      It increases your willpower.
 i - the ring of Beogh's Whim (on tentacle) {Fire rPois Int+7}
   (You bought it in a shop on level 2 of the Orcish Mines)

   [ring of fire]

   It enhances your fire magic.
   Int:       It affects your intelligence (+7).
   rF:        It protects you from fire.
   rC:        It makes you vulnerable to cold.
   rPois:     It protects you from poison.
 o - an amulet of reflection (around mantle)
 q - the ring of Losk (right tentacle) {*Corrode rC++ Dex+6 SInv Stlth+}
   (You found it in a Gauntlet)

   [ring of dexterity]

   Dex:       It affects your dexterity (+6).
   rC:        It greatly protects you from cold.
   SInv:      It lets you see invisible.
   *Corrode:  It may corrode you when you take damage.
   Stlth:     It makes you more stealthy.
 t - the ring "Hoaniut" (on tentacle) {rElec rC+ Int+6 Stlth+}
   (You found it on level 3 of the Shoals)

   [ring of intelligence]

   Int:       It affects your intelligence (+6).
   rC:        It protects you from cold.
   rElec:     It insulates you from electricity.
   Stlth:     It makes you more stealthy.
 v - a +4 ring of protection
 x - a ring of magical power
 y - the ring "Niatan" (on tentacle) {rN+ rCorr Str+4 Dex+2}
   (You found it on level 3 of the Crypt)

   [ring of positive energy]

   Str:       It affects your strength (+4).
   Dex:       It affects your dexterity (+2).
   rN:        It protects you from negative energy.
   rCorr:     It protects you from acid and corrosion.
 H - the ring "Peuhanga" (on tentacle) {rF+ rN++ Str+2 Stlth+}
   (You took it off a deep elf death mage on level 3 of the Elven Halls)

   [ring of protection from fire]

   Str:       It affects your strength (+2).
   rF:        It protects you from fire.
   rN:        It greatly protects you from negative energy.
   Stlth:     It makes you more stealthy.
 K - the amulet "Aclibb" {Acrobat Str+4 Dex+4}
   (You found it on level 5 of the Pits of Slime)

   [amulet of the acrobat]

   It increases your evasion while moving and waiting.
   Str:       It affects your strength (+4).
   Dex:       It affects your dexterity (+4).
 L - a ring of fire
 M - a ring of ice
 P - a ring of magical power (on tentacle)
 R - the ring of the Cockatrice (on tentacle) {rPois AC+4 Stlth+}
   (You took it off a wight on level 7 of Cocytus)

   [ring of protection]

   AC:        It affects your AC (+4).
   rPois:     It protects you from poison.
   Stlth:     It makes you more stealthy.
 S - a +4 ring of protection
Wands
 g - a wand of iceblast (64)
 k - a wand of acid (69)
 D - a wand of paralysis (26)
 E - a wand of digging (9)
Scrolls
 c - 15 scrolls of fog
 n - 21 scrolls of teleportation
 s - 2 scrolls of fear
 u - 8 scrolls of amnesia
 J - 2 scrolls of immolation
 X - 35 scrolls of identify
Potions
 d - 9 potions of flight
 l - 2 potions of heal wounds
 r - 2 potions of resistance
 A - 8 potions of berserk rage
 G - 3 potions of ambrosia
 I - 22 potions of curing
 Q - 11 potions of might
Miscellaneous
 m - the horn of Geryon


   Skills:
 + Level 9.6 Fighting
 + Level 3.0 Short Blades
 + Level 2.0 Axes
 + Level 8.7 Staves
 * Level 20.3 Dodging
 + Level 11.5 Stealth
 * Level 20.6 Shields
 + Level 0.3 Unarmed Combat
 O Level 27 Spellcasting
 O Level 27 Conjurations
 + Level 11.1 Hexes
 - Level 10.0 Summonings
 + Level 16.0 Translocations
 O Level 27 Fire Magic
 * Level 14.4 Ice Magic
 + Level 1.8 Air Magic
 + Level 21.1 Earth Magic
 + Level 11.4 Invocations
 + Level 3.1 Evocations


You couldn't memorise any spells.
You knew the following spells:

 Your Spells              Type           Power      Damage    Failure   Level
a - Foxfire               Conj/Fire      100%       2x1d9     0%          1
b - Orb of Destruction    Conj           66%        9d18      0%          7
c - Disjunction           Tloc           55%        N/A       2%          8
d - Iron Shot             Conj/Erth      76%        9d14      0%          6
e - Fireball              Conj/Fire      92%        3d34      0%          5
f - Blink                 Tloc           N/A        N/A       0%          2
g - Fire Storm            Conj/Fire      92%        8d23      1%          9
h - Bolt of Magma         Conj/Fire/Erth 100%       4d37      0%          5
i - Hailstorm             Conj/Ice       100%       3d20      0%          4
j - Polar Vortex          Ice            65%        N/A       63%         9
k - Iskenderun's Mystic   Conj/Tloc      100%       2d19      0%          4
l - Ignition              Fire           92%        3d23      1%          8
m - Lehudib's Crystal Sp  Conj/Erth      76%        10d17     1%          8
n - Airstrike             Air            40%        N/A       1%          4

Your spell library contained the following spells:

 Spells                   Type           Power      Damage    Failure   Level
 Apportation              Tloc           100%       N/A       0%          1
 Corona                   Hex            100%       N/A       0%          1
 Freeze                   Ice            100%       1d11      0%          1
 Magic Dart               Conj           100%       1d8       0%          1
 Sandblast                Erth           100%       2d20      0%          1
 Shock                    Conj/Air       100%       1d9       0%          1
 Summon Small Mammal      Summ           100%       N/A       0%          1
 Call Imp                 Summ           93%        N/A       0%          2
 Ensorcelled Hibernation  Hex/Ice        100%       N/A       0%          2
 Passwall                 Tmut/Erth      98%        N/A       0%          2
 Searing Ray              Conj           100%       3d7       0%          2
 Slow                     Hex            97%        N/A       0%          2
 Static Discharge         Conj/Air       100%       N/A       0%          2
 Call Canine Familiar     Summ           93%        N/A       0%          3
 Confusing Touch          Hex            97%        N/A       0%          3
 Conjure Flame            Conj/Fire      100%       6-21      0%          3
 Dazzling Flash           Conj/Hex       100%       N/A       0%          3
 Frozen Ramparts          Ice            100%       1d12      0%          3
 Gell's Gravitas          Tloc           55%        N/A       0%          3
 Inner Flame              Hex/Fire       100%       N/A       0%          3
 Lesser Beckoning         Tloc           100%       N/A       0%          3
 Ozocubu's Armour         Ice            100%       N/A       0%          3
 Portal Projectile        Hex/Tloc       100%       N/A       0%          3
 Stone Arrow              Conj/Erth      100%       3d13      0%          3
 Summon Guardian Golem    Hex/Summ       95%        N/A       0%          3
 Teleport Other           Tloc           100%       N/A       0%          3
 Tukima's Dance           Hex            97%        N/A       0%          3
 Fulminant Prism          Conj/Hex       59%        3d25      0%          4
 Leda's Liquefaction      Hex/Erth       67%        N/A       0%          4
 Passage of Golubria      Tloc           N/A        N/A       0%          4
 Sticky Flame             Conj/Fire      100%       2d11      0%          4
 Iskenderun's Battlesphe  Conj           100%       2d15      0%          5
 Lee's Rapid Deconstruct  Erth           73%        3d34*     0%          5
 Manifold Assault         Tloc           100%       N/A       0%          5
 Starburst                Conj/Fire      92%        6d23      0%          6
 Animate Skeleton         Necr           100%       N/A       1%          1
 Beastly Appendage        Tmut           100%       N/A       1%          1
 Pain                     Necr           100%       1d9       1%          1
 Sting                    Tmut/Pois      100%       1d8       1%          1
 Corpse Rot               Necr/Air       N/A        N/A       1%          2
 Poisonous Vapours        Pois/Air       100%       N/A       1%          2
 Sublimation of Blood     Necr           26%        N/A       1%          2
 Wereblood                Tmut           52%        N/A       1%          2
 Ignite Poison            Fire/Tmut/Pois 100%       N/A       1%          3
 Mephitic Cloud           Conj/Pois/Air  100%       N/A       1%          3
 Spider Form              Tmut/Pois      26%        N/A       1%          3
 Swiftness                Air            80%        N/A       1%          3
 Vampiric Draining        Necr           26%        2d9       1%          3
 Cause Fear               Hex            48%        N/A       1%          4
 Ice Form                 Ice/Tmut       100%       N/A       1%          4
 Petrify                  Tmut/Erth      100%       N/A       1%          4
 Summon Ice Beast         Ice/Summ       100%       N/A       1%          4
 Summon Lightning Spire   Summ/Air       100%       N/A       1%          4
 Borgnjor's Vile Clutch   Necr/Erth      59%        N/A       1%          5
 Freezing Cloud           Conj/Ice/Air   77%        6-21      1%          5
 Irradiate                Conj/Tmut      52%        3d30      1%          5
 Lightning Bolt           Conj/Air       65%        1d89      1%          5
 Metabolic Englaciation   Hex/Ice        62%        N/A       1%          5
 Silence                  Hex/Air        51%        N/A       1%          5
 Summon Forest            Summ/Tloc      51%        N/A       1%          5
 Summon Mana Viper        Hex/Summ       95%        N/A       1%          5
 Yara's Violent Unravell  Hex/Tmut       39%        3d16      1%          5
 Conjure Ball Lightning   Conj/Air       65%        3x3d23    1%          6
 Dispersal                Tloc           55%        N/A       1%          6
 Invisibility             Hex            48%        N/A       1%          6
 Shadow Creatures         Summ           N/A        N/A       1%          6
 Statue Form              Tmut/Erth      78%        N/A       1%          6
 Summon Cactus Giant      Summ           46%        N/A       1%          6
 Malign Gateway           Summ/Tloc      51%        N/A       1%          7
 Ozocubu's Refrigeration  Ice            65%        4d18      1%          7
 Spellforged Servitor     Conj/Summ      58%        N/A       1%          7
 Simulacrum               Ice/Necr       53%        N/A       2%          6
 Animate Dead             Necr           26%        N/A       3%          4
 Dispel Undead            Necr           52%        3d19      3%          4
 Olgreb's Toxic Radiance  Pois           52%        N/A       3%          4
 Monstrous Menagerie      Summ           46%        N/A       4%          7
 Summon Hydra             Summ           46%        N/A       4%          7
 Shatter                  Erth           73%        3d54*     5%          9
 Agony                    Necr           52%        N/A       9%          5
 Alistair's Intoxication  Tmut/Pois      34%        N/A       9%          5
 Blade Hands              Tmut           26%        N/A       9%          5
 Excruciating Wounds      Necr           26%        N/A       9%          5
 Discord                  Hex            48%        N/A       21%         8
 Haunt                    Necr/Summ      38%        N/A       32%         7
 Summon Horrible Things   Summ           46%        N/A       32%         8
 Death Channel            Necr           26%        N/A       43%         6
 Eringya's Noxious Bog    Tmut/Pois      26%        N/A       43%         6
 Chain Lightning          Conj/Air       65%        3d86      63%         9
 Storm Form               Tmut/Air       37%        N/A       87%         7
 Dragon Form              Tmut           26%        N/A       95%         7
 Dragon's Call            Summ           46%        N/A       99%         9
 Borgnjor's Revivificati  Necr           26%        N/A       100%        8
 Infestation              Necr           26%        N/A       100%        8
 Maxwell's Capacitive Co  Air            40%        ∞         100%        8
 Necromutation            Tmut/Necr      26%        N/A       100%        8
 Death's Door             Necr           26%        N/A       100%        9


Dungeon Overview and Level Annotations

Branches:
Dungeon (15/15)            Temple (1/1) D:5            Lair (6/6) D:8
 Shoals (4/4) Lair:3       Spider (4/4) Lair:2        Slime (5/5) Lair:5
    Orc (2/2) D:9             Elf (3/3) Orc:2        Vaults (5/5) D:13
  Crypt (3/3) Vaults:3       Tomb (2/3) Crypt:3      Depths (5/5) D:15
   Hell (visited)             Dis (7/7) Hell            Geh (7/7) Hell
    Coc (7/7) Hell            Tar (7/7) Hell            Zot (0/5) Depths:5
  IceCv (visited)          WizLab (visited)         Gauntlet (visited)

Altars:
Ashenzari
Dithmenos
Elyvilon
Fedhas
Gozag
Hepliaklqana
Kikubaaqudgha
Nemelex Xobeh
Okawaru
Qazlal
Ru
Sif Muna
Trog
Vehumet
Wu Jian
Yredelemnul
Zin
Jiyva

Shops:
D:7 (   D:11 *   Orc:2 :=([[   Elf:2 !!(   Shoals:2 **   Shoals:3 (((:
Shoals:4 *   Vaults:2 [   Vaults:4 :((!*   Depths:5 :=:

Portals:
Hell: Depths:1 Depths:2 Depths:3 Depths:4 Depths:5
Abyss: Depths:2 Depths:3 Depths:4
Pandemonium: Depths:3 Depths:4
Ziggurat: Depths:3


Innate Abilities, Weirdness & Mutations

You cannot wear most types of armour.
You are amphibious.
You can wear up to eight rings at the same time.
Your skin changes colour to match your surroundings (Stealth+).
Your rubbery body absorbs attacks. (AC +1, EV +1)
((You are camouflaged near water. (Stealth+)))
You have tentacles for arms and can constrict up to eight enemies at once.
You are partially covered in iridescent scales. (AC +2)
You are dopey. (Int -2)
You do not regenerate when monsters are visible.


Message History

You destroy the royal mummy!
Sif Muna accepts your kill.
The death scarab disappears in a puff of smoke!
You feel extremely nervous for a moment...
Your body is wracked with pain!
* * * LOW HITPOINT WARNING * * *
You feel sick. Something bites your fire vortex!
The horn of Geryon has recharged.
Your Translocations skill increases to level 16!
You feel better. Something bites your fire vortex!
Your fire vortex dissipates!
Something completely misses your fire vortex.
Your fire vortex hits something.
Your fire vortex burns something!
Your fire vortex dissipates!
Your fire vortex barely misses the bennu.
The royal mummy mumbles some strange words.
Casting: Fire Storm (dangerous; 1% risk of failure)
Confirm with . or Enter, or press ? or * to list all spells.
Aiming: Fire Storm (dangerous; 1% risk of failure)
Press: ? - help, Dir - move target You feel a strong surge of power!
A raging storm of fire appears!
The great blast of fire engulfs the death scarab!!!!
You destroy the death scarab!
The death scarab's corpse disappears in a puff of smoke!
The great blast of fire engulfs the bennu!!!
The bennu partially resists.
Sif Muna accepts your kill.
The bennu renews itself in a burst of flame!
The great blast of fire engulfs the royal mummy!!!!
The royal mummy is heavily damaged.
The great blast of fire engulfs the ushabti!!!
The ushabti partially resists.
You destroy the ushabti!
Sif Muna accepts your kill.
The great blast of fire engulfs the royal mummy!!!!
You destroy the royal mummy!
Sif Muna accepts your kill.
You feel extremely nervous for a moment...
Pain shoots through your body!!
You die...

##+##########
.........$..
..........# .
#.......##....
#.....@..........
......##.§§......#
......##§§...v...##.
....
...§§○°°☼○.9.... ...
.....°°vv○....M# ..
......○○°○.....# .
.....○°☼§○......
....^○vMv○§.....
......§°.....M..


You could see a royal mummy and 4 friendly fire vortices.

Vanquished Creatures
  Asmodeus (Geh:7)
  Antaeus (Coc:7)
  the Royal Jelly (Slime:5)
  Ereshkigal (Tar:7)
  the Serpent of Hell (Coc:7)
  6 dread liches
  Mennas (Depths:5)
  Dispater (Dis:7)
  3 ancient liches
  Mara (Shoals:4)
  The ghost of Egicwurue the Sorcerer, a veteran DrCj of Vehumet (Depths:1)
  20 royal mummies
  Sojobo (Tomb:1)
  The ghost of Asajosug the Merry Gargoyle, a legendary GrBe of the Shining One (Crypt:1)
  Bai Suzhen (Crypt:1)
  The ghost of Onnuy the Executioner, a veteran DsBe of Vehumet (Depths:1)
  Frederick (Crypt:1)
  25 shard shrikes
  Margery (Crypt:1)
  4 caustic shrikes
  Xtahua (Vaults:2)
  Geryon (Hell)
  Nikola (Depths:2)
  the Enchantress (Depths:2)
  2 golden dragons (Depths:4)
  11 bone dragons
  35 Tzitzimimeh
  60 Brimstone Fiends
  5 tentacled monstrosities
  10 Hell Sentinels
  10 doom hounds
  The ghost of Mafumol the Earth Mage, an adept GrEE of Vehumet (Vaults:1)
  Rupert (D:12)
  12 iron giants
  23 Ice Fiends
  27 liches
  5 titans
  3 quicksilver dragons
  2 deep elf blademasters (Elf:3)
  Asterion (Spider:4)
  2 Executioners (Dis:7)
  22 acid blobs
  2 deep elf master archers (Elf:3)
  28 ancient champions
  Polyphemus (Shoals:2)
  Gastronok (Lair:1)
  The ghost of 27snakeeyes612 the Peltast, an adept VSFi of Okawaru (Shoals:4)
  7 tengu reavers
  15 sphinxes
  Donald (Shoals:1)
  Roxanne (Spider:1)
  Kirke (Shoals:4)
  Agnes (Elf:2)
  2 storm dragons
  6 revenants
  13 rockslimes
  30 shadow dragons
  A draconian knight (Depths:5)
  Ilsuiw (Shoals:2)
  12 fire giants
  6 azure jellies
  2 ghost moths (Spider:4)
  7 iron dragons
  A draconian scorcher (Depths:5)
  A ghost moth (shapeshifter) (D:13)
  5 deep elf sorcerers
  18 frost giants
  2 cacodemons (Dis:7)
  The ghost of Rokh the Carver, a journeyman DsFi of Okawaru (Spider:3)
  3 orc warlords
  A caustic shrike zombie (Crypt:3)
  4 emperor scorpions
  A draconian shifter (Depths:5)
  The ghost of Supaplex the Bludgeoner, a journeyman MiFi of Trog (Elf:2)
  7 ghouls
  23 vault wardens
  27 balrugs
  6 curse skulls
  6 deep elf elementalists (Elf:3)
  13 quicksilver oozes
  93 reapers
  A caustic shrike skeleton (Depths:2)
  23 ironbound preservers
  5 spriggan defenders
  18 stone giants
  A quicksilver ooze (shapeshifter) (Vaults:5)
  23 vampire knights
  18 war gargoyles
  A bennu (Tomb:2)
  An elemental wellspring (Coc:7)
  4 deep elf demonologists
  A green draconian (Depths:5)
  Azrael (D:12)
  29 very ugly things
  5 dire elephants
  18 deep elf annihilators
  A black draconian (Depths:5)
  A red draconian (Depths:5)
  An entropy weaver (Spider:1)
  3 lorocyprocas
  8 spark wasps
  2 white draconians (Depths:5)
  A yellow draconian (Depths:5)
  A minotaur (Gauntlet)
  2 green deaths
  Snorg (D:10)
  7 deep elf death magi
  7 mummy priests
  8 yaktaur captains
  4 eidola
  5 merfolk javelineers
  11 fire dragons
  15 jiangshi
  18 blizzard demons
  16 ettins
  17 great orbs of eyes
  Josephine (D:10)
  4 rakshasas
  8 merfolk impalers
  7 deep elf high priests
  9 quicksilver dragon zombies
  42 ice dragons
  6 quicksilver dragon skeletons
  14 hydras
  Erolcha (D:10)
  The ghost of SnubMonkey the Impaler, a journeyman MfBe of Trog (Lair:1)
  9 ironbound thunderhulks
  Fannar (D:10)
  2 peacekeepers (Vaults:3)
  42 vault guards
  4 caustic shrike simulacra (IceCv)
  6 hell beasts
  A hydra (shapeshifter) (Vaults:5)
  A ghost crab (Tar:3)
  9 boulder beetles
  3 spriggan air magi
  6 centaur warriors
  3 alligator snapping turtles (Shoals:4)
  3 merfolk avatars (Shoals:4)
  3 ogre magi (Vaults:5)
  7 ironbound frosthearts
  2 merfolk aquamancers
  13 deep troll shamans
  A catoblepas (Shoals:2)
  6 death yaks
  10 two-headed ogres
  5 death knights
  34 hell hogs
  34 dancing weapons
  A satyr (Shoals:4)
  9 vampire magi
  A tengu warrior (Depths:4)
  7 titan zombies
  12 deep troll earth magi
  8 ironbound beastmasters
  16 death scarabs
  9 spriggan berserkers
  4 spriggans (Depths:2)
  A shock serpent (shapeshifter) (Vaults:3)
  79 hell knights
  5 orc high priests (Orc:2)
  8 storm dragon zombies
  26 sun demons
  18 deep elf knights
  2 iron golems
  35 soul eaters
  13 titan skeletons
  3 death drakes (Tar:3)
  21 shadow wraiths
  7 storm dragon skeletons
  16 iron trolls
  182 skeletal warriors
  3 sixfirhies
  A goliath frog (Lair:6)
  8 golden dragon zombies
  10 anaconda zombies
  5 kraken simulacra (Coc:7)
  A glowing orange brain (shapeshifter) (Vaults:5)
  70 deep trolls
  14 sea snakes
  4 obsidian statues
  3 ghost moth zombies
  11 bog bodies
  8 glowing orange brains
  24 shadow demons
  5 golden dragon skeletons
  30 deep elf pyromancers
  24 flayed ghosts
  25 deep elf zephyrmancers
  11 lindwurms
  31 ironbound convokers
  29 harpies
  24 orb spiders
  31 phantasmal warriors
  33 necromancers
  12 orc knights
  9 anaconda skeletons
  10 shadow dragon zombies
  8 wolf spider zombies
  11 deep elf archers
  6 shadow dragon skeletons
  17 wizards
  5 human zombies
  17 fire giant zombies
  41 ugly things
  4 oklob plants (Lair:5)
  16 frost giant zombies
  9 iron dragon zombies
  4 orc sorcerers
  A wolf spider (shapeshifter) (D:13)
  14 fauns
  25 wolf spiders
  15 manticores
  7 iron dragon skeletons
  A salamander (Geh:7)
  3 moths of wrath
  9 stone giant skeletons
  7 stone giant zombies
  A sphinx skeleton (Depths:1)
  6 shining eyes
  A torpor snail (shapeshifter) (Depths:4)
  6 cyclopes
  12 frost giant skeletons
  2 guardian serpents (shapeshifter)
  10 dire elephant zombies
  4 elephants (Lair:3)
  5 titan simulacra
  45 rust devils
  5 merfolk sirens
  4 water nymphs
  2 shock serpent zombies
  23 smoke demons
  4 eyes of devastation
  An eye of devastation (shapeshifter) (Vaults:4)
  13 molten gargoyles
  14 fire giant skeletons
  8 ice statues
  6 black mambas
  17 vault sentinels
  3 torpor snails
  A gargoyle (D:10)
  2 shock serpent skeletons
  A water nymph (shapeshifter) (Vaults:3)
  19 cane toads
  2 orange demons
  47 hellions
  7 storm dragon simulacra
  2 yaktaur zombies
  2 elf zombies
  12 dire elephant skeletons
  An alligator snapping turtle zombie (Crypt:2)
  10 unseen horrors
  A swamp worm zombie (Crypt:2)
  Psyche (D:12)
  10 kobold demonologists
  2 rime drakes
  7 anaconda simulacra
  56 tormentors
  5 golden dragon simulacra (IceCv)
  9 efreet
  A minotaur zombie (Dis:7)
  37 yaktaurs
  4 emperor scorpion zombies
  9 komodo dragons
  3 catoblepas zombies
  A sea snake zombie (Hell)
  A death yak skeleton (Crypt:1)
  4 hellwings (Depths:3)
  10 demonic crawlers
  36 freezing wraiths
  21 guardian mummies
  4 catoblepas skeletons
  2 human skeletons
  49 ice devils
  A spriggan skeleton (Depths:2)
  3 silent spectres
  43 red devils
  2 tengu conjurers
  40 merfolk
  A green draconian skeleton (Coc:7)
  3 meliai (D:15)
  10 hydra skeletons
  19 hydra zombies
  2 spectral guardian serpents (Crypt:2)
  7 hornets
  4 polar bears
  24 jumping spiders
  4 trolls
  3 tyrant leeches (Lair:6)
  A wolf spider simulacrum (Tar:4)
  Prince Ribbit (Lair:2)
  3 wind drakes
  6 harpy zombies
  A shadow dragon simulacrum (Vaults:5)
  An iron dragon simulacrum (Crypt:2)
  11 ice dragon zombies
  7 harpy skeletons
  8 ettin zombies
  12 blink frogs
  91 slime creatures
  A fire giant simulacrum (Coc:3)
  A slime creature (shapeshifter) (Depths:2)
  3 fire dragon zombies
  A stone giant simulacrum (Coc:7)
  2 alligator skeletons
  9 snapping turtles
  7 alligator zombies
  8 dream sheep
  A spriggan zombie (Depths:1)
  A frost giant simulacrum (Depths:1)
  25 tarantellas
  5 air elementals
  7 wyverns
  9 fire dragon skeletons
  6 ice dragon skeletons
  183 flying skulls
  2 vampires
  51 redbacks
  4 fire bats (Depths:5)
  34 shadows
  14 yaks
  10 ettin skeletons
  16 water elementals
  63 wraiths
  4 neqoxecs
  4 ynoxinuls
  3 hogs (Shoals:4)
  5 basilisks
  31 fire elementals
  6 ushabtiu
  An elf simulacrum (Depths:2)
  A golden eye (shapeshifter) (D:15)
  A chaos spawn (Depths:3)
  A steam dragon (shapeshifter) (Elf:3)
  5 black mamba skeletons
  2 minotaur simulacra (IceCv)
  A golden eye (Slime:5)
  A yaktaur simulacrum (Vaults:3)
  5 vampire mosquitoes
  A glowing shapeshifter zombie (Crypt:2)
  A merfolk zombie (Geh:1)
  An acid dragon (D:13)
  10 wargs
  9 hydra simulacra
  2 infernal demonspawn zombies
  103 hell hounds
  A merfolk skeleton (Geh:6)
  14 water moccasins
  8 cane toad zombies
  A floating eye (Depths:4)
  3 cane toad skeletons
  10 ice beasts
  A dream sheep zombie (Crypt:1)
  5 black bears
  A black bear (shapeshifter) (Depths:4)
  An alligator simulacrum (IceCv)
  An ice beast (shapeshifter) (Depths:5)
  A sky beast (D:7)
  4 ettin simulacra
  41 orc warriors
  5 snapping turtle zombies
  3 manticore skeletons
  3 manticore zombies
  A blink frog zombie (Crypt:2)
  4 swamp dragon zombies
  9 ogres
  50 necrophages
  A wolf (Lair:3)
  2 boggarts
  10 centaurs
  2 swamp dragon skeletons
  8 snapping turtle skeletons
  17 phantoms
  22 bullfrogs
  3 kobold brigands
  4 earth elementals
  A gnoll sergeant (D:13)
  A draconian skeleton (Crypt:3)
  2 human simulacra
  3 cane toad simulacra
  2 wyvern zombies
  2 scorpions
  An elf skeleton (Crypt:2)
  2 swamp dragon simulacra
  9 killer bees (D:9)
  92 wights
  A manticore simulacrum (Coc:1)
  7 electric eels
  A wolf zombie (Crypt:3)
  2 howler monkeys
  9 crimson imps
  5 centaur zombies
  3 bullfrog zombies
  A lava snake (Lair:1)
  8 jellies
  3 centaur skeletons
  2 hounds
  2 bullfrog skeletons
  36 orc priests
  A gnoll shaman (D:6)
  30 iron imps
  Jessica (D:3)
  3 iguanas
  4 hell rats (Lair:2)
  15 orc wizards
  A demigod zombie (Crypt:3)
  A felid zombie (Crypt:3)
  A tengu zombie (Geh:6)
  A naga zombie (Crypt:1)
  An ogre zombie (Geh:7)
  A tengu skeleton (Crypt:3)
  An ogre skeleton (Geh:2)
  A hound zombie (D:5)
  A hound skeleton (D:5)
  29 mummies
  7 adders
  13 gnolls
  25 shadow imps
  16 white imps
  A worm (shapeshifter) (Vaults:5)
  2 adder skeletons
  2 worms (D:4)
  3 dart slugs
  82 orcs
  11 ball pythons
  14 endoplasms
  2 giant cockroaches
  5 goblins
  10 hobgoblins
  4 jackals
  16 kobolds
  4 quokkas
  10 bats
  A frilled lizard (D:1)
  A goblin skeleton (Crypt:3)
  3 kobold zombies
  A quokka zombie (Crypt:1)
  7 rats
  A river rat skeleton (Crypt:1)
  10 fire vortices
  2 foxfires
  2 fungi (Lair:6)
  6 plants
  4 tentacles (Coc:7)
  A toadstool (Lair:3)
4705 creatures vanquished.

Vanquished Creatures (collateral kills)
  A juggernaut (Depths:2)
  A royal mummy (Tomb:1)
  A caustic shrike (Depths:5)
  2 tentacled monstrosities (Vaults:5)
  A titan (Vaults:5)
  A tengu reaver (Tomb:1)
  A fire giant (Vaults:5)
  An azure jelly (Slime:5)
  A frost giant (Coc:7)
  A juggernaut zombie (Depths:1)
  A vault warden (Vaults:4)
  A deep elf sorcerer (Elf:3)
  A deep elf elementalist (Elf:3)
  2 stone giants
  2 reapers
  A quicksilver ooze (Slime:5)
  A vampire knight (Tar:3)
  2 deep elf death magi
  A deep elf high priest (Elf:3)
  2 yaktaur captains (Vaults:5)
  An ice dragon (Depths:4)
  A centaur warrior (Vaults:2)
  A dancing weapon (Elf:2)
  A death scarab (Tomb:1)
  A titan zombie (Dis:5)
  A deep elf knight (Elf:2)
  A skeletal warrior (Crypt:2)
  A titan skeleton (Geh:2)
  A ghost moth zombie (Tar:2)
  A deep troll (Vaults:5)
  A phantasmal warrior (Vaults:5)
  A golden dragon skeleton (Geh:2)
  A wolf spider (Vaults:5)
  A fire giant zombie (Geh:1)
  A stone giant skeleton (Vaults:5)
  A dire elephant zombie (Crypt:2)
  2 molten gargoyles (Hell)
  2 yaktaurs (Vaults:1)
  An anaconda simulacrum (Coc:7)
  A guardian mummy (Tomb:1)
  A flying skull (Tar:6)
  A shadow (Tar:2)
  A wraith (Geh:1)
  A fire elemental (Elf:2)
  2 necrophages
  5 wights
  4 mummies
  A white imp (Coc:2)
  27 foxfires
  A plant (Depths:2)
91 creatures vanquished.

Vanquished Creatures (others)
  An emperor scorpion (Spider:3)
  A hell hog (Geh:7)
  A deep elf pyromancer (Elf:2)
  An ugly thing (D:10)
  An orb spider (Spider:2)
  A gargoyle (D:10)
  A komodo dragon (Lair:3)
  A hydra skeleton (Geh:2)
  A harpy skeleton (Geh:3)
  An ettin zombie (Geh:7)
  A dream sheep (Shoals:4)
  A redback (Spider:2)
  An air elemental (Elf:2)
  An alligator skeleton (Geh:7)
  An ice dragon skeleton (Geh:7)
  A water elemental (Elf:2)
  3 humans (Shoals:4)
  A shadow (Geh:1)
  A steam dragon (D:10)
  A manticore skeleton (Geh:2)
  A bullfrog (Lair:3)
  A wight (Dis:2)
  598 fire vortices
  3820 foxfires
  53 fungi
  513 plants
  4 tentacles (Coc:7)
  14 toadstools
  2 withered plants (Crypt:1)
5028 creatures vanquished.

Grand Total: 9824 creatures vanquished

Notes
Turn   | Place    | Note
-------+----------+-------------------------------------------
     0 | D:1      | Conn the Octopode Fire Elementalist began the quest for the
                  | Orb.
     0 | D:1      | Reached XP level 1. HP: 11/11 MP: 3/3
   105 | D:1      | Reached XP level 2. HP: 17/17 MP: 1/5
   829 | D:1      | Reached XP level 3. HP: 21/21 MP: 3/6
  1116 | D:1      | Got Sif Muna's Incunabulum of the Ghastly Compass
  1121 | D:1      | Learned a level 3 spell: Conjure Flame
  1124 | D:1      | Learned a level 2 spell: Blink
  1382 | D:1      | Found a faded altar of an unknown god.
  1684 | D:2      | Reached XP level 4. HP: 23/27 MP: 3/7
  2017 | D:2      | Reached XP level 5. HP: 30/32 MP: 5/9
  2233 | D:2      | Learned a level 3 spell: Inner Flame
  2777 | D:3      | Noticed Jessica
  2789 | D:3      | Killed Jessica
  3140 | D:3      | Found a basalt altar of Yredelemnul.
  3199 | D:3      | Reached skill level 1 in Translocations
  3199 | D:3      | Reached XP level 6. HP: 37/37 MP: 5/10
  3883 | D:4      | Found a sparkling altar of Nemelex Xobeh.
  3946 | D:4      | Found an iron altar of Okawaru.
  4295 | D:4      | Found a blossoming altar of Fedhas.
  5095 | D:5      | Entered Level 5 of the Dungeon
  5099 | D:5      | Found a staircase to the Ecumenical Temple.
  5107 | D:5      | Reached XP level 7. HP: 42/42 MP: 7/12
  5110 | Temple   | Entered the Ecumenical Temple
  5117 | Temple   | Became a worshipper of Sif Muna the Loreminder
  5257 | D:5      | Found a white marble altar of Elyvilon.
  5379 | D:5      | Reached skill level 5 in Fire Magic
  5537 | D:5      | Found an ornate altar of the Wu Jian Council.
  5544 | D:5      | Reached skill level 1 in Axes
  5662 | D:5      | Found a radiant altar of Vehumet.
  5820 | D:5      | Identified the +4 war axe of the Four Emperors {speed,
                  | Will+}
  5993 | D:6      | Learned a level 4 spell: Sticky Flame
  6015 | D:6      | Reached skill level 1 in Fighting
  6107 | D:6      | Reached skill level 1 in Invocations
  6240 | D:6      | Reached XP level 8. HP: 33/48 MP: 1/13
  6448 | D:6      | Found a bloodstained altar of Trog.
  6582 | D:6      | Reached * piety under Sif Muna
  6935 | D:7      | Noticed a two-headed ogre
  6943 | D:7      | Killed a two-headed ogre
  6944 | D:7      | Reached skill level 1 in Short Blades
  6944 | D:7      | Reached skill level 5 in Conjurations
  6944 | D:7      | Reached XP level 9. HP: 54/54 MP: 6/15
  7274 | D:7      | Found a shadowy altar of Dithmenos.
  7485 | D:7      | Found a hazy altar of Hepliaklqana.
  7543 | D:7      | Found Lautsui's Weapon Shop.
  7828 | D:8      | Found a broken altar of Ashenzari.
  7885 | D:8      | Reached skill level 5 in Spellcasting
  7991 | D:8      | Found a staircase to the Lair.
  8010 | D:8      | Reached XP level 10. HP: 46/60 MP: 11/17
  8328 | D:8      | Learned a level 5 spell: Fireball
  8846 | D:9      | Reached skill level 5 in Stealth
  8859 | D:9      | Noticed a kobold demonologist
  8876 | D:10     | Entered Level 10 of the Dungeon
  8887 | D:10     | Identified the +6 rapier "Asyish" {freeze, rC+ Int+5}
  8891 | D:10     | Noticed Josephine
  8899 | D:10     | HP: 1/57 [centaur warrior zombie (2)]
  8929 | D:10     | Noticed Erolcha
  9388 | D:9      | Killed a kobold demonologist
  9414 | D:9      | Noticed a kobold demonologist
  9419 | D:9      | Killed a kobold demonologist
  9420 | D:9      | Reached skill level 1 in Hexes
  9646 | D:9      | Noticed a kobold demonologist
  9657 | D:9      | Killed a kobold demonologist
 10055 | D:9      | Found a staircase to the Orcish Mines.
 10071 | D:9      | Identified the +11 scale mail of Summertime {rN+ MP+9}
 10074 | D:9      | Reached ** piety under Sif Muna
 10976 | D:9      | Learned a level 3 spell: Summon Guardian Golem
 11100 | Orc:1    | Entered Level 1 of the Orcish Mines
 11567 | Orc:1    | Reached skill level 1 in Summonings
 11574 | Orc:1    | Noticed a cyclops
 11581 | Orc:1    | Reached XP level 11. HP: 16/66 MP: 1/20
 11867 | Orc:1    | Killed a cyclops
 12257 | Orc:1    | Noticed an orc sorcerer
 12793 | Orc:1    | Killed an orc sorcerer
 13058 | Orc:2    | Entered Level 2 of the Orcish Mines
 13058 | Orc:2    | Found Aromum's Book Shop.
 13595 | Orc:2    | Noticed an orc sorcerer
 13598 | Orc:2    | Killed an orc sorcerer
 13612 | Orc:2    | Noticed an orc knight
 13618 | Orc:2    | Killed an orc knight
 13619 | Orc:2    | Reached skill level 10 in Fire Magic
 13798 | Orc:2    | Reached *** piety under Sif Muna
 15151 | Orc:2    | Noticed an orc high priest
 15153 | Orc:2    | Noticed a soul eater
 15160 | Orc:2    | Killed an orc high priest
 15415 | Orc:2    | Reached **** piety under Sif Muna
 15662 | Orc:2    | Found a staircase to the Elven Halls.
 15768 | Orc:2    | Noticed a boulder beetle
 16008 | Orc:2    | Killed a boulder beetle
 16009 | Orc:2    | Reached skill level 10 in Conjurations
 16159 | Orc:2    | Reached XP level 12. HP: 72/72 MP: 17/23
 16466 | Orc:2    | Noticed an orc high priest
 16466 | Orc:2    | Noticed an orc high priest
 16654 | Orc:2    | Killed an orc high priest
 16819 | Orc:2    | Noticed an orc high priest
 16823 | Orc:2    | Noticed a sun demon
 16823 | Orc:2    | Killed an orc high priest
 16833 | Orc:2    | Killed an orc high priest
 16836 | Orc:2    | Noticed an orc high priest
 17566 | Orc:2    | Found Uwikiog's Jewellery Emporium.
 17568 | Orc:2    | Found Ojacw's Weapon Shoppe.
 17571 | Orc:2    | Found Poblyr's Armour Emporium.
 17572 | Orc:2    | Found Deygrauts's Antique Armour Emporium.
 17601 | Orc:2    | Bought the ring of Beogh's Whim {Fire rPois Int+7} for 661
                  | gold pieces
 17601 | Orc:2    | Bought an amulet of reflection for 390 gold pieces
 17617 | Orc:2    | Bought a ring of protection from cold for 325 gold pieces
 17734 | Orc:2    | Killed an orc high priest
 18063 | Lair:1   | Entered Level 1 of the Lair of Beasts
 18298 | Lair:1   | Found a runed translucent door.
 18300 | Lair:1   | Noticed SnubMonkey's ghost (journeyman MfBe)
 19127 | Lair:1   | Noticed a five-headed hydra
 19422 | Lair:1   | Killed a five-headed hydra
 19605 | Lair:1   | Noticed a fire dragon
 19753 | Lair:2   | Found a hole to the Spider Nest.
 19796 | Lair:2   | Noticed a boulder beetle
 19817 | Lair:2   | Killed a boulder beetle
 19932 | Lair:2   | Reached XP level 13. HP: 65/77 MP: 2/25
 19951 | Lair:2   | Noticed Prince Ribbit
 20579 | D:10     | Killed Erolcha
 20925 | D:10     | Noticed Snorg
 20929 | D:10     | Killed Snorg
 21021 | D:10     | Found an ancient bone altar of Kikubaaqudgha.
 21408 | D:10     | Noticed Fannar
 21410 | D:10     | Reached ***** piety under Sif Muna
 21414 | D:10     | Killed Fannar
 21414 | D:10     | Received a gift from Sif Muna
 21415 | D:10     | Got Sif Muna's Incunabulum of Creative Combat Magic {god
                  | gift}
 21427 | D:10     | Learned a level 5 spell: Bolt of Magma
 21560 | D:10     | Learned a level 4 spell: Hailstorm
 22092 | D:10     | Reached skill level 5 in Invocations
 22757 | D:10     | Killed Josephine
 22835 | D:10     | Found a glowing silver altar of Zin.
 23360 | D:11     | Reached skill level 1 in Shields
 23583 | D:11     | Reached skill level 1 in Staves
 23626 | D:11     | Found Nafe Aceg's Overcharged Wands.
 24136 | D:11     | Identified a scroll of acquirement
 24136 | D:11     | Acquired 971 gold pieces
 24468 | Orc:2    | Bought a ring of fire for 325 gold pieces
 24468 | Orc:2    | Bought a ring of wizardry for 390 gold pieces
 24479 | Orc:2    | Bought a ring of resist corrosion for 260 gold pieces
 24739 | Lair:1   | Noticed Gastronok
 24773 | Lair:1   | Killed Gastronok
 25186 | Lair:1   | Killed SnubMonkey's ghost
 25430 | Lair:1   | Killed a fire dragon
 25431 | Lair:1   | Reached XP level 14. HP: 67/83 MP: 2/27
 25850 | Lair:2   | Killed Prince Ribbit
 26573 | Lair:3   | Reached skill level 10 in Spellcasting
 26883 | Lair:3   | Found a runed translucent door.
 26928 | Lair:3   | Noticed a dire elephant
 26969 | Lair:3   | Found a staircase to the Shoals.
 27009 | Lair:3   | HP: 4/83 [poisoned by a cane toad]
 28294 | Lair:4   | Found a gate leading to a gauntlet.
 28305 | Gauntlet | Entered a Gauntlet
 28305 | Gauntlet | Found a transporter.
 28305 | Gauntlet | Found a transporter.
 28305 | Gauntlet | Found a runed translucent door.
 28313 | Gauntlet | Found a runed translucent door.
 28326 | Gauntlet | Found a transporter.
 28330 | Gauntlet | Found a transporter.
 28343 | Gauntlet | Found a transporter.
 28344 | Gauntlet | Found a transporter.
 28350 | Gauntlet | Noticed an entropy weaver
 28352 | Gauntlet | Found a transporter.
 28370 | Gauntlet | Found a transporter.
 28390 | Gauntlet | Found a transporter.
 28391 | Gauntlet | Found a transporter.
 28399 | Gauntlet | Found a transporter.
 28403 | Gauntlet | Found a transporter.
 28749 | Gauntlet | Identified the +0 pair of gloves of Fedhas's Pride {Stlth+}
 28888 | Gauntlet | Identified the ring of Losk {*Corrode rC++ Dex+6 SInv
                  | Stlth+}
 29087 | Gauntlet | Identified the +0 plate armour "Rocvy" {+Inv Will- SInv}
 29090 | Gauntlet | Got Areifreh's Volume of Twisted Bewitchment
 30284 | Lair:5   | Identified the +0 scale mail of Ofufy {rC+ Str+4 Dex-3}
 30408 | Lair:5   | Found a staircase to the Slime Pits.
 30452 | Lair:5   | Identified the +0 buckler of Anaesthesia {rPois rF++ Int+2
                  | Dex-5}
 30941 | Lair:5   | Acquired the +1 buckler "Penakuj" {rElec Str+3 Int+6}
 31206 | Lair:6   | Entered Level 6 of the Lair of Beasts
 31739 | Lair:6   | Reached XP level 15. HP: 88/88 MP: 11/29
 32181 | Lair:6   | Reached skill level 5 in Hexes
 33857 | Lair:6   | Learned a level 7 spell: Orb of Destruction
 34399 | Lair:4   | Identified the ring "Egij Fuqi" {Fly rN+ rCorr Int-5}
 34401 | Lair:4   | Identified the +4 arbalest of the Realm of Zot {flame,
                  | Fragile rC+++ rCorr SInv}
 35315 | Elf:1    | Entered Level 1 of the Elven Halls
 35339 | Elf:1    | Received a gift from Sif Muna
 35340 | Elf:1    | Got Sif Muna's Guide on the Igneous Entourage {god gift}
 36093 | Elf:1    | Reached skill level 15 in Fire Magic
 37794 | Elf:2    | Reached XP level 16. HP: 93/93 MP: 15/31
 38295 | Elf:2    | Found a frozen archway.
 38305 | IceCv    | Entered an ice cave
 39115 | IceCv    | Reached skill level 1 in Earth Magic
 40758 | Elf:2    | Found a runed translucent gate.
 40758 | Elf:2    | Found a runed translucent gate.
 40758 | Elf:2    | Found a runed translucent gate.
 40923 | Elf:2    | Reached skill level 15 in Conjurations
 41158 | Elf:2    | Found Gairopn's Distillery.
 41160 | Elf:2    | Found Vigymef's Distillery.
 41166 | Elf:2    | Found Welyst's Antique Weapon Shop.
 41214 | Elf:2    | Noticed Supaplex's ghost (journeyman MiFi)
 41217 | Elf:2    | Found a runed translucent gate.
 41217 | Elf:2    | Found a runed translucent gate.
 41217 | Elf:2    | Found a runed translucent gate.
 41481 | Elf:2    | Noticed Agnes
 41496 | Elf:2    | Killed Agnes
 41775 | Elf:2    | Reached XP level 17. HP: 99/99 MP: 8/33
 42513 | Elf:2    | Learned a level 7 spell: Spellforged Servitor
 42541 | Elf:2    | Killed Supaplex's ghost
 42739 | Elf:3    | Entered Level 3 of the Elven Halls
 43149 | Elf:3    | Paralysed by an air elemental for 1 turns
 44060 | Elf:3    | Noticed a deep elf blademaster
 44073 | Elf:3    | HP: 2/99 [deep elf blademaster (27)]
 44076 | Elf:3    | Killed a deep elf blademaster
 44088 | Elf:3    | Noticed a deep elf master archer
 44813 | Elf:3    | Killed a deep elf master archer
 44998 | Elf:3    | Identified the +6 falchion of the Purse {vorpal, rPois
                  | Will- Dex+4 Stlth+}
 44998 | Elf:3    | Identified the ring of Xom's Passing Interest {Int+2
                  | Slay+4}
 45007 | Elf:3    | Received a gift from Sif Muna
 45008 | Elf:3    | Reached skill level 5 in Dodging
 45083 | Elf:3    | Identified the ring "Peuhanga" {rF+ rN++ Str+2 Stlth+}
 45448 | Elf:3    | Noticed a deep elf blademaster
 45450 | Elf:3    | Noticed a deep elf master archer
 45452 | Elf:3    | Killed a deep elf blademaster
 45457 | Elf:3    | Killed a deep elf master archer
 45464 | Elf:3    | Reached XP level 18. HP: 84/105 MP: 0/35
 45588 | Elf:3    | Reached skill level 5 in Shields
 45791 | Elf:3    | Identified the ring of Jealousy {rF++ rC+ AC+4}
 46934 | Shoals:1 | Entered Level 1 of the Shoals
 46961 | Shoals:1 | Noticed Donald
 46965 | Shoals:1 | Killed Donald
 48306 | Shoals:2 | Noticed Polyphemus
 48309 | Shoals:2 | Killed Polyphemus
 48375 | Shoals:2 | Noticed Ilsuiw
 48452 | Shoals:2 | Received a gift from Sif Muna
 48453 | Shoals:2 | Got Ereroiq's Disquisition on Mutagenic Darkness {god gift}
 48771 | Shoals:2 | Learned a level 4 spell: Iskenderun's Mystic Blast
 48848 | Shoals:2 | Killed Ilsuiw
 49349 | Shoals:2 | Found Naomof's Specific Store.
 49349 | Shoals:2 | Found Utojoluf's General Store.
 49357 | Shoals:2 | Bought a ring of magical power for 240 gold pieces
 49357 | Shoals:2 | Bought a potion of heal wounds for 60 gold pieces
 49361 | Shoals:2 | Gained mutation: Your muscles are strong. (Str +2) [potion
                  | of mutation]
 49361 | Shoals:2 | Gained mutation: Your muscles are very strong. (Str +4)
                  | [potion of mutation]
 49863 | Shoals:3 | Found Rots's Book Emporium.
 50316 | Shoals:3 | Found Vayq's Weapon Boutique.
 50407 | Shoals:3 | Found Pyrcheot's Weapon Shop.
 50434 | Shoals:3 | Found Kasaa's Weapon Emporium.
 50672 | Shoals:3 | Found a hazy altar of Hepliaklqana.
 51011 | Shoals:3 | Identified the ring "Hoaniut" {rElec rC+ Int+6 Stlth+}
 51252 | Shoals:4 | Entered Level 4 of the Shoals
 51754 | Shoals:4 | Noticed Mara
 51760 | Shoals:4 | Killed Mara
 51761 | Shoals:4 | Reached XP level 19. HP: 110/110 MP: 3/37
 52463 | Shoals:4 | Received a gift from Sif Muna
 52469 | Shoals:4 | Got Sif Muna's Grimoire of Malediction {god gift}
 52550 | Shoals:4 | Noticed Kirke
 52744 | Shoals:4 | Killed Kirke
 53402 | Shoals:4 | Reached skill level 5 in Summonings
 54522 | Shoals:4 | Got a barnacled rune of Zot
 54579 | Shoals:4 | Found a runed translucent gate.
 54579 | Shoals:4 | Found a runed translucent gate.
 54579 | Shoals:4 | Found a runed translucent gate.
 54880 | Shoals:4 | Found an opulent altar of Gozag.
 54880 | Shoals:4 | Found Zuluesio's Assorted Antiques.
 54881 | Shoals:4 | Noticed 27snakeeyes612's ghost (adept VSFi)
 54902 | Shoals:4 | Killed 27snakeeyes612's ghost
 55349 | Elf:2    | Bought a potion of heal wounds for 85 gold pieces
 55349 | Elf:2    | Bought a potion of heal wounds for 85 gold pieces
 55764 | Spider:1 | Entered Level 1 of the Spider Nest
 55862 | Spider:1 | Noticed Roxanne
 55868 | Spider:1 | Killed Roxanne
 55881 | Spider:1 | Received a gift from Sif Muna
 56028 | Spider:1 | Got Sif Muna's Collected Works on Orientation {god gift}
 58668 | Spider:3 | Reached XP level 20. HP: 111/117 MP: 18/38
 59010 | Spider:3 | Reached skill level 15 in Spellcasting
 59698 | Spider:3 | Found a runed translucent door.
 59698 | Spider:3 | Noticed Rokh's ghost (journeyman DsFi)
 59764 | Spider:3 | Killed Rokh's ghost
 59912 | Spider:4 | Entered Level 4 of the Spider Nest
 60316 | Spider:4 | Received a gift from Sif Muna
 60321 | Spider:4 | Got Sif Muna's Grimoire of Distant Worlds {god gift}
 60532 | Spider:4 | Noticed Asterion
 60546 | Spider:4 | Killed Asterion
 62355 | Spider:4 | Got a gossamer rune of Zot
 62834 | Slime:1  | Entered Level 1 of the Pits of Slime
 62847 | Slime:1  | Gained mutation: You are frail. (-10% HP) [a shining eye]
 63710 | Slime:2  | Gained mutation: You occasionally shout uncontrollably at
                  | your foes. [a shining eye]
 64590 | Slime:4  | Received a gift from Sif Muna
 64989 | Slime:4  | Found a viscous altar of Jiyva.
 65244 | Slime:5  | Entered Level 5 of the Pits of Slime
 65356 | Slime:5  | Gained mutation: You are very frail. (-20% HP) [a shining
                  | eye]
 65359 | Slime:5  | Gained mutation: You tend to lose your temper in combat. [a
                  | shining eye]
 65518 | Slime:5  | Noticed the Royal Jelly
 65546 | Slime:5  | Killed the Royal Jelly
 65547 | Slime:5  | Reached XP level 21. HP: 79/97 MP: 26/40
 65909 | Slime:5  | Reached skill level 5 in Translocations
 66379 | Slime:5  | Identified the +8 spear of the Radish {venom, rElec rC-
                  | rN++}
 66382 | Slime:5  | Identified the +1 chain mail of Zin {rC+ SInv}
 66404 | Slime:5  | Identified the amulet "Aclibb" {Acrobat Str+4 Dex+4}
 66407 | Slime:5  | Got a slimy rune of Zot
 66408 | Slime:5  | Identified the +8 scimitar of Qazlal's Approval {vamp,
                  | Int+6}
 66430 | Slime:5  | Identified the ring of Qoyt {Contam Will+ Int+6}
 66435 | Slime:5  | Identified the +5 chain mail of Untold Secrets {Fly rC-
                  | Dex+4 Stlth+}
 66478 | Slime:5  | Identified the +1 helmet of Yquses {-Tele +Inv rPois Will+}
 66484 | Slime:5  | Identified the +4 war axe of Bioxeis {flame, Dex+3}
 67244 | Slime:5  | Learned a level 9 spell: Fire Storm
 68122 | D:12     | Found a glowing silver altar of Zin.
 68177 | D:12     | Noticed Psyche
 68178 | D:12     | Killed Psyche
 68261 | D:12     | Noticed Rupert
 68263 | D:12     | Killed Rupert
 68567 | D:12     | Noticed Azrael
 68581 | D:12     | Killed Azrael
 69904 | D:13     | Found a gate to the Vaults.
 71680 | D:15     | Entered Level 15 of the Dungeon
 72152 | D:15     | Found a staircase to the Depths.
 73203 | Vaults:1 | Entered Level 1 of the Vaults
 73208 | Vaults:1 | Received a gift from Sif Muna
 73437 | Vaults:1 | Reached XP level 22. HP: 102/102 MP: 32/42
 73513 | Vaults:1 | Got Hifijism's Incunabulum of Fiery Attacks {god gift}
 73714 | Vaults:1 | Lost mutation: You tend to lose your temper in combat.
                  | [potion of mutation]
 73714 | Vaults:1 | Lost mutation: You are very frail. (-20% HP) [potion of
                  | mutation]
 73714 | Vaults:1 | Gained mutation: You tend to lose your temper in combat.
                  | [potion of mutation]
 73714 | Vaults:1 | Lost mutation: You tend to lose your temper in combat.
                  | [potion of mutation]
 73714 | Vaults:1 | Lost mutation: You are frail. (-10% HP) [potion of
                  | mutation]
 73714 | Vaults:1 | Gained mutation: You expend magic power (3 MP) to
                  | strengthen your wands. [potion of mutation]
 74092 | Vaults:1 | Found a runed translucent door.
 74100 | Vaults:1 | Noticed Mafumol's ghost (adept GrEE)
 75102 | Vaults:1 | Found the +7 mace of Variability {chain chaos}
 75189 | Vaults:1 | Killed Mafumol's ghost
 76030 | Vaults:2 | Found Zarph's Armour Emporium.
 76165 | Vaults:2 | Noticed Xtahua
 76171 | Vaults:2 | Killed Xtahua
 77337 | Vaults:2 | Received a gift from Sif Muna
 77343 | Vaults:2 | Got Sif Muna's Guide on Fetching Moulding {god gift}
 78016 | Vaults:2 | Reached skill level 10 in Summonings
 79871 | Vaults:3 | Reached XP level 23. HP: 118/133 MP: 21/44
 80882 | Vaults:3 | Found a staircase to the Crypt.
 81184 | Vaults:3 | Received a gift from Sif Muna
 81185 | Vaults:3 | Got Sif Muna's Catalogue of Black Magic and Damage Dealing
                  | {god gift}
 81769 | Vaults:3 | Identified the ring "Qakywk" {rF+ Dex+6}
 82263 | Vaults:4 | Upgraded the game from 0.28-a0-297-g99b01970c5 to
                  | 0.28-a0-309-gf6d37e6e1d
 82374 | Vaults:4 | Found Exuossaycs's Weapon Boutique.
 82377 | Vaults:4 | Found a magical portal.
 82386 | WizLab   | Entered Doroklohe's Tomb
 82628 | WizLab   | Gained mutation: You do not regenerate when monsters are
                  | visible. [a neqoxec]
 84063 | Vaults:4 | Found Azebyx's Antique Weapon Boutique.
 84094 | Vaults:4 | Reached skill level 10 in Hexes
 84281 | Vaults:4 | Received a gift from Sif Muna
 84607 | Vaults:4 | Reached XP level 24. HP: 127/139 MP: 38/44
 84997 | Vaults:4 | Found Hateori's General Store.
 85198 | Vaults:4 | Found Gecunu's Distillery.
 85218 | Vaults:4 | Bought a potion of heal wounds for 100 gold pieces
 85235 | Vaults:4 | Found Meggassyg's Book Shop.
 85383 | Vaults:4 | Bought a pitted quarterstaff for 396 gold pieces
 85383 | Vaults:4 | Identified the +5 quarterstaff "Ogre's Foe" {flame, Str+2}
                  | (You bought it in a shop on level 4 of the Vaults)
 85449 | Vaults:4 | Noticed a caustic shrike
 85449 | Vaults:4 | a shadow dragon changed into a caustic shrike
 85481 | Vaults:5 | Entered Level 5 of the Vaults
 85484 | Vaults:5 | Received a gift from Sif Muna
 85583 | Vaults:5 | Received a gift from Sif Muna
 85597 | Vaults:5 | Noticed a dread lich
 85601 | Vaults:5 | Reached XP level 25. HP: 62/144 MP: 5/45
 85604 | Vaults:5 | Killed a dread lich
 86629 | Vaults:5 | Identified the +6 quarterstaff of Zuh Jaq {flame, rPois
                  | rCorr Dex+2}
 86973 | Vaults:5 | Acquired 771 gold pieces
 87094 | Vaults:5 | Got a silver rune of Zot
 87134 | Vaults:5 | Received a gift from Sif Muna
 87135 | Vaults:5 | Got Sif Muna's Tome of the Mutagenic Glacier {god gift}
 87901 | Vaults:5 | Identified the -5 pair of boots of the Eight Boll Weevils
                  | {rN+ rCorr MP+9 Stlth-}
 88226 | Depths:1 | Entered Level 1 of the Depths
 88910 | Depths:1 | Found a gateway to Hell.
 89456 | Depths:1 | Found a runed translucent gate.
 89456 | Depths:1 | Noticed Egicwurue's ghost (veteran DrCj)
 89458 | Depths:1 | Found a runed translucent gate.
 89458 | Depths:1 | Found an ancient bone altar of Kikubaaqudgha.
 89463 | Depths:1 | Found a runed translucent gate.
 89463 | Depths:1 | Noticed Onnuy's ghost (veteran DsBe)
 89465 | Depths:1 | Noticed an ancient lich
 89471 | Depths:1 | Killed an ancient lich
 89472 | Depths:1 | Reached XP level 26. HP: 99/149 MP: 34/46
 89473 | Depths:1 | Killed Onnuy's ghost
 89473 | Depths:1 | Received a gift from Sif Muna
 89476 | Depths:1 | Killed Egicwurue's ghost
 89488 | Depths:1 | Identified the +1 hat of Hairiness {rN+}
 89493 | Depths:1 | Identified the ring "Textef" {Fly Int+3}
 90522 | Depths:1 | Identified the +7 short sword of Magnificence {vorpal, rC+
                  | Str+4 Int+4}
 90996 | Depths:2 | Noticed Nikola
 91008 | Depths:2 | Killed Nikola
 91248 | Depths:2 | Noticed a juggernaut
 91251 | Depths:2 | Killed a juggernaut
 91252 | Depths:2 | Reached skill level 5 in Earth Magic
 91267 | Depths:2 | Received a gift from Sif Muna
 91676 | Depths:2 | Found a one-way gate to the infinite horrors of the Abyss.
 92201 | Depths:2 | Learned a level 8 spell: Ignition
 92545 | Depths:2 | Found an ornate altar of the Wu Jian Council.
 92961 | Depths:2 | Noticed the Enchantress
 93134 | Depths:2 | Killed the Enchantress
 93722 | Depths:3 | Reached XP level 27. HP: 145/154 MP: 1/46
 94014 | Depths:3 | Received a gift from Sif Muna
 94396 | Depths:3 | Reached skill level 1 in Evocations
 94508 | Depths:3 | Noticed an ancient lich
 94512 | Depths:3 | Killed an ancient lich
 95310 | Depths:3 | Received a gift from Sif Muna
 95311 | Depths:3 | Got Galef's Handbook of Feathery Clay {god gift}
 95531 | Depths:3 | Found a gateway to a ziggurat.
 95896 | Depths:3 | Noticed a dread lich
 96278 | Depths:3 | Found a one-way gate leading to the halls of Pandemonium.
 96386 | Depths:3 | Killed a dread lich
 97532 | Depths:4 | Found a runed translucent door.
 97884 | Depths:4 | Found a runed translucent door.
 97885 | Depths:4 | Found a runed translucent door.
 98322 | Depths:4 | Identified the +7 glaive of a sewer {drain, Fly rC+ Str+4
                  | Int+4}
 98323 | Depths:4 | Identified the +6 hunting sling of Conformity {flame, rElec
                  | rCorr Str+4 Int-3}
 98439 | Depths:4 | Received a gift from Sif Muna
 98440 | Depths:4 | Got Sif Muna's Catalogue of Attacks {god gift}
 98454 | Depths:4 | Learned a level 8 spell: Lehudib's Crystal Spear
 99384 | Depths:5 | Entered Level 5 of the Depths
100194 | Depths:5 | Found Dajugg's Book Shoppe.
100195 | Depths:5 | Found Xuoklowk's Jewellery Boutique.
100196 | Depths:5 | Found Sossikk's Book Shoppe.
100643 | Depths:5 | Noticed Mennas
100646 | Depths:5 | Killed Mennas
101057 | Depths:5 | Received a gift from Sif Muna
101063 | Depths:5 | Found a gate to the Realm of Zot.
102047 | Crypt:1  | Entered Level 1 of the Crypt
102047 | Crypt:1  | Noticed Frederick
102051 | Crypt:1  | Killed Frederick
103045 | Crypt:1  | Noticed Bai Suzhen
103059 | Crypt:1  | Killed Bai Suzhen
103212 | Crypt:1  | Noticed Margery
103221 | Crypt:1  | Killed Margery
103751 | Crypt:1  | Found a runed translucent door.
103751 | Crypt:1  | Noticed Asajosug's ghost (legendary GrBe)
104130 | Crypt:1  | Killed Asajosug's ghost
104236 | Crypt:2  | Received a gift from Sif Muna
104403 | Crypt:2  | Got Jipraus's Papyrus of Spatial Summoning {god gift}
104478 | Crypt:2  | Reached skill level 1 in Ice Magic
105190 | Crypt:2  | Identified the +10 flail "Voucket" {drain, Fly rF- Will+
                  | Dex+3}
105465 | Crypt:3  | Entered Level 3 of the Crypt
105699 | Crypt:3  | Identified the +6 halberd "ETAOIN SHRDLU" {vamp, Stlth+}
106499 | Crypt:3  | Received a gift from Sif Muna
106500 | Crypt:3  | Reached skill level 5 in Fighting
107354 | Crypt:3  | Found a staircase to the Tomb.
107461 | Crypt:3  | Got Sif Muna's Almanac of the Monkey {god gift}
107466 | Crypt:3  | Noticed a dread lich
107466 | Crypt:3  | Noticed an ancient lich
107471 | Crypt:3  | Killed an ancient lich
107471 | Crypt:3  | Killed a dread lich
107473 | Crypt:3  | Identified the ring of Waxut {*Slow rN+ rCorr Int+2}
107473 | Crypt:3  | Identified the ring "Zocak" {rN+ Int+3}
107473 | Crypt:3  | Identified the ring "Niatan" {rN+ rCorr Str+4 Dex+2}
107485 | Crypt:3  | Noticed a dread lich
107496 | Crypt:3  | Killed a dread lich
107497 | Crypt:3  | Reached skill level 5 in Ice Magic
107938 | Tomb:1   | Entered Level 1 of the Tomb of the Ancients
108043 | Tomb:1   | Noticed a royal mummy
108043 | Tomb:1   | Noticed a royal mummy
108044 | Tomb:1   | Noticed a royal mummy
108047 | Tomb:1   | Killed a royal mummy
108047 | Tomb:1   | Killed a royal mummy
108050 | Tomb:1   | Killed a royal mummy
108050 | Tomb:1   | Noticed a royal mummy
108055 | Tomb:1   | Noticed a royal mummy
108061 | Tomb:1   | Noticed a royal mummy
108062 | Tomb:1   | Killed a royal mummy
108067 | Tomb:1   | Killed a royal mummy
108073 | Tomb:1   | Killed a royal mummy
108513 | Tomb:1   | Noticed a royal mummy
108520 | Tomb:1   | Killed a royal mummy
108522 | Tomb:1   | Noticed a royal mummy
108525 | Tomb:1   | Killed a royal mummy
108529 | Tomb:1   | Noticed a royal mummy
108532 | Tomb:1   | Killed a royal mummy
108555 | Tomb:1   | Noticed a royal mummy
108563 | Tomb:1   | Killed a royal mummy
108883 | Tomb:1   | Noticed a royal mummy
109061 | Tomb:1   | Noticed a royal mummy
109063 | Tomb:1   | Killed a royal mummy
109064 | Tomb:1   | Killed a royal mummy
109512 | Tomb:1   | Noticed a royal mummy
109514 | Tomb:1   | Killed a royal mummy
109516 | Tomb:1   | Noticed a royal mummy
109638 | Tomb:1   | Killed a royal mummy
109784 | Tomb:2   | Noticed a royal mummy
109785 | Tomb:2   | Noticed a royal mummy
109785 | Tomb:2   | Noticed a royal mummy
109786 | Tomb:2   | Received a gift from Sif Muna
109786 | Tomb:2   | Noticed a royal mummy
109789 | Tomb:2   | Noticed a royal mummy
109790 | Tomb:2   | Killed a royal mummy
109790 | Tomb:2   | Killed a royal mummy
110177 | Tomb:1   | Paralysed by an air elemental for 1 turns
110237 | Tomb:1   | Noticed Sojobo
110239 | Tomb:1   | Killed Sojobo
110424 | Tomb:1   | Noticed a royal mummy
110429 | Tomb:1   | Killed a royal mummy
110702 | Tomb:1   | Noticed a royal mummy
110710 | Tomb:1   | Killed a royal mummy
111080 | Tomb:1   | Identified the +9 rapier of the Arena {venom, rPois Str+2
                  | Dex+6}
111084 | Tomb:1   | Noticed a royal mummy
111094 | Tomb:1   | Killed a royal mummy
111609 | Tomb:1   | Received a gift from Sif Muna
111612 | Tomb:1   | Got Sif Muna's Guide on Torrid Ice {god gift}
113081 | Hell     | Entered the Vestibule of Hell
113081 | Hell     | Noticed Geryon
113086 | Hell     | Killed Geryon
113708 | Elf:2    | Bought a potion of haste for 170 gold pieces
113708 | Elf:2    | Bought a potion of haste for 170 gold pieces
113708 | Elf:2    | Bought a potion of haste for 170 gold pieces
113708 | Elf:2    | Bought a potion of mutation for 136 gold pieces
113709 | Elf:2    | Lost mutation: You expend magic power (3 MP) to strengthen
                  | your wands. [potion of mutation]
113709 | Elf:2    | Lost mutation: You occasionally shout uncontrollably at
                  | your foes. [potion of mutation]
113709 | Elf:2    | Lost mutation: Your muscles are very strong. (Str +4)
                  | [potion of mutation]
113709 | Elf:2    | Lost mutation: Your muscles are strong. (Str +2) [potion of
                  | mutation]
113709 | Elf:2    | Gained mutation: You are partially covered in iridescent
                  | scales. (AC +2) [potion of mutation]
113717 | Elf:2    | Bought a potion of heal wounds for 95 gold pieces
114939 | Hell     | Reached skill level 10 in Shields
115393 | Hell     | Found a gateway to the decaying netherworld of Tartarus.
115491 | Hell     | Found a gateway to the freezing wastes of Cocytus.
115723 | Hell     | Found a gateway to the Iron City of Dis.
115881 | Hell     | Found a gateway to the ashen valley of Gehenna.
115980 | Hell     | Learned a level 6 spell: Dispersal
115988 | Hell     | Learned a level 6 spell: Iron Shot
116016 | Coc:1    | Entered Level 1 of Cocytus
116027 | Coc:1    | Received a gift from Sif Muna
116184 | Coc:1    | Reached skill level 10 in Dodging
116384 | Coc:2    | Reached skill level 27 in Fire Magic
116822 | Coc:2    | Received a gift from Sif Muna
116823 | Coc:2    | Got Fah Caom's Catalogue of Creative Dark Rites {god gift}
117608 | Coc:4    | Received a gift from Sif Muna
117907 | Coc:7    | Entered Level 7 of Cocytus
118168 | Coc:7    | Reached skill level 10 in Earth Magic
118203 | Coc:7    | Received a gift from Sif Muna
118204 | Coc:7    | Got Sif Muna's Papyrus of the Snowflakes and Black Rituals
                  | {god gift}
118226 | Coc:7    | Noticed the Serpent of Hell
118236 | Coc:7    | Got an icy rune of Zot
118250 | Coc:7    | Noticed Antaeus
118637 | Coc:7    | Reached skill level 27 in Conjurations
118674 | Coc:7    | Killed the Serpent of Hell
119479 | Coc:7    | Received a gift from Sif Muna
119561 | Coc:7    | Learned a level 4 spell: Airstrike
119808 | Coc:7    | Identified the +11 scimitar of Woty {freeze, *Rage rC-
                  | rN+++ Stlth+}
119808 | Coc:7    | Identified the ring of the Cockatrice {rPois AC+4 Stlth+}
119911 | Coc:7    | Upgraded the game from 0.28-a0-309-gf6d37e6e1d to
                  | 0.28-a0-312-gbced6e68ee
120068 | Coc:7    | Killed Antaeus
120229 | Coc:7    | Received a gift from Sif Muna
120230 | Coc:7    | Got Wykohi's Disquisition on Creation {god gift}
120656 | Coc:7    | Identified the +0 helmet of the Blessed Realm {rN+ Regen+
                  | SInv}
121079 | Coc:7    | Reached skill level 10 in Translocations
121201 | Dis:1    | Entered Level 1 of the Iron City of Dis
123013 | Dis:2    | Reached skill level 5 in Staves
123546 | Dis:4    | Reached ****** piety under Sif Muna
125576 | Dis:7    | Entered Level 7 of the Iron City of Dis
126835 | Dis:7    | Reached skill level 15 in Dodging
126893 | Dis:7    | Reached skill level 15 in Shields
127596 | Dis:7    | Identified the +1 chain mail of a volcano {Rampage}
127708 | Dis:7    | Reached skill level 1 in Air Magic
128974 | Dis:7    | Found the +4 staff of Dispater
128974 | Dis:7    | Noticed Dispater
128992 | Dis:7    | Killed Dispater
129040 | Dis:7    | Got an iron rune of Zot
129043 | Dis:7    | Identified the +7 dagger of Patterns {drain, rElec rPois
                  | Will- Int+5}
129045 | Dis:7    | Identified the +1 leather armour of the Amoeba {rPois rC+
                  | Dex+4}
129355 | Geh:1    | Entered Level 1 of Gehenna
129370 | Geh:1    | Reached skill level 15 in Earth Magic
132777 | Geh:7    | Entered Level 7 of Gehenna
134263 | Geh:3    | Reached skill level 10 in Stealth
136570 | Geh:6    | Found a huge runed gate.
136571 | Geh:6    | Found a huge runed gate.
136572 | Geh:6    | Found a huge runed gate.
136575 | Geh:6    | Found a huge runed gate.
136575 | Geh:6    | Found a huge runed gate.
136608 | Geh:6    | Found a huge runed gate.
136608 | Geh:6    | Found a huge runed gate.
136609 | Geh:6    | Found a huge runed gate.
136609 | Geh:6    | Found a huge runed gate.
136609 | Geh:6    | Found a huge runed gate.
136639 | Geh:6    | Found a huge runed gate.
136639 | Geh:6    | Found a huge runed gate.
136639 | Geh:6    | Found a huge runed gate.
136639 | Geh:6    | Found a huge runed gate.
136639 | Geh:6    | Found a huge runed gate.
136639 | Geh:6    | Found a huge runed gate.
136639 | Geh:6    | Found a huge runed gate.
137188 | Geh:6    | Noticed a dread lich
137188 | Geh:6    | Noticed a dread lich
137191 | Geh:6    | Killed a dread lich
137191 | Geh:6    | Killed a dread lich
138168 | Geh:7    | Reached skill level 27 in Spellcasting
138926 | Geh:7    | Identified the +9 falchion "Niol" {holy, +Blink}
139661 | Geh:7    | Found the +7 sceptre of Asmodeus
139661 | Geh:7    | Noticed Asmodeus
139917 | Geh:7    | Reached skill level 15 in Translocations
140077 | Geh:7    | Killed Asmodeus
140090 | Geh:7    | Got an obsidian rune of Zot
140215 | Geh:7    | Identified the +0 leather armour of the Tarantula {*Corrode
                  | Str+8 Dex+5}
140314 | Hell     | Learned a level 8 spell: Disjunction
140325 | Hell     | Learned a level 9 spell: Polar Vortex
140379 | Tar:1    | Entered Level 1 of Tartarus
140761 | Tar:3    | Reached skill level 10 in Ice Magic
141683 | Tar:3    | Gained mutation: You are dopey. (Int -2) [mutagenic glow]
143724 | Tar:3    | Reached skill level 10 in Invocations
144240 | Tar:2    | You fall into a shaft and drop 2 floors!
145569 | Tar:7    | Entered Level 7 of Tartarus
146960 | Tar:7    | Identified the ring of the Commoners {Wiz Slay+5}
146970 | Tar:7    | Identified the amulet of Tolaurph {Spirit Will+ rCorr
                  | Str-3}
147083 | Tar:7    | Noticed Ereshkigal
148231 | Tar:7    | Killed Ereshkigal
148537 | Tar:7    | Got a bone rune of Zot
148879 | Vaults:4 | Bought a potion of curing for 54 gold pieces
148879 | Vaults:4 | Bought a potion of heal wounds for 90 gold pieces
148879 | Vaults:4 | Bought a potion of curing for 54 gold pieces
149143 | D:13     | Upgraded the game from 0.28-a0-312-gbced6e68ee to
                  | 0.28-a0-317-g21599a725c
149565 | Tomb:2   | Killed a royal mummy
149567 | Tomb:2   | Killed a royal mummy
149567 | Tomb:2   | Killed by a royal mummy's death curse

Illustrated notes

Levels and vault maps discovered:
D:1:      roderic_dead_forest, layout_loops_ring,
          dreamdust_ecumenical_altar_grove, minmay_distorted
D:2:      minmay_recursive_quarters, layout_rooms
D:3:      cheibrodos_fertilizer, layout_basic, old_standard_altar,
          hangedman_decor_diamond_cutter, uniq_jessica
D:4:      layout_layer_cave, lemuel_round_altar,
          mainiacjoe_overflow_cross_hatched, mainiacjoe_overflow_chevrons
D:5:      layout_basic, kennysheep_little_box, mainiacjoe_overflow_two_lobes,
          minmay_temple_entry_statues_pillars
D:6:      layout_loops_ring, bloody_trog
D:7:      layout_rooms, mainiacjoe_overflow_six_doors_small,
          nzn_hepliaklqana_mist_gate, serial_shops, shop
D:8:      layout_cave_pods, nicolae_ashenzari_skybound, david_lair_generic,
          grunt_decor_clamped
D:9:      layout_loops_ring, david_orc_1_choice, serial_co_window_serial,
          co_window_corner_a, co_window_paths_b, co_window_of_opportunity_a,
          co_window_paths_b, co_window_of_opportunity_a,
          co_window_of_opportunity_a, co_window_paths_b, co_window_broadway_a,
          co_window_broadway_b, co_window_unsneaky_path_e,
          co_window_of_opportunity_c, co_window_of_opportunity_b,
          co_window_4corner_a, glass_columns_a, glass_columns_a
D:10:     layout_loops_corners, general_overflow_altar,
          overflow_temple_1_default, minmay_misc_feat_secret_circle,
          grunt_ministairs_13, dilly_guarded_unrand_elemental_staff,
          uniq_fannar, uniq_snorg, uniq_erolcha, uniq_josephine
D:11:     layout_gridville, nicolae_shop_overcharged_wands
D:12:     layout_roguey, zin_academy, uniq_rupert, uniq_psyche, uniq_azrael
D:13:     layout_basic, lightli_vaults_fourway_checkpoint, serial_glass,
          glass_columns_b, glass_columns_a, due_unseen_surprise,
          minmay_strange_pillars
D:14:     layout_loops_ring, grunt_decor_arrowhead
D:15:     hangedman_depths_entry_civil_slaughter, layout_loops_corners,
          minmay_misc_feat_roman
Temple:   compressed_dpeg_triangle_lava_temple
Lair:1:   dragon1_lemuel, layout_loops_ring, hellmonk_ghost_happy_afterlife,
          grunt_megastairs_3, uniq_gastronok
Lair:2:   layout_roguey, spider_nest_entry_webs, serial_bayou,
          serial_bayou_crossing, serial_bayou_pond_b, serial_bayou_pond_e,
          serial_bayou_pond_c, chequers_serial_rivers_small_3,
          uniq_prince_ribbit2
Lair:3:   gammafunk_lair_enchanted_lake, layout_regular_city,
          minmay_shoals_entry_centaurs
Lair:4:   statuecave_lemuel, layout_cave_shapes, gauntlet_entry_generic,
          chequers_serial_rivers_small_a
Lair:5:   layout_regular_city, slime_dummy, beast_lair_carwin_11,
          minmay_lair_oklob_chamber
Lair:6:   minmay_lair_end_frog_pond, layout_hall_layers
Shoals:1: layout_shoals, uniq_donald
Shoals:2: layout_shoals, nicolae_specific_store, uniq_ilsuiw, uniq_polyphemus
Shoals:3: layout_shoals, serial_shops, nicolae_diamond_shop, shop,
          nicolae_shop_behind_doors, shop, lemuel_centaur_altar
Shoals:4: shoals_end_grunt_garden, layout_shoals, shoals_ilsuiw_ice,
          ebering_ghost_gozag, uniq_mara, uniq_kirke
Spider:1: layout_spider_delve, nicolae_spider_some_kinda_spiderbox, uniq_roxanne
Spider:2: layout_spider_delve, drop_trap
Spider:3: layout_spider_delve, ebering_ghost_inner_flame, drop_trap,
          guppyfry_spider_mini_2
Spider:4: spider_rune_water, uniq_asterion
Slime:1:  layout_caves
Slime:2:  layout_caves
Slime:3:  nicolae_slime_pool, layout_caves
Slime:4:  layout_caves, basic_altar
Slime:5
Orc:1:    cheibrodos_orc_guarddog, layout_caves
Orc:2:    st_orc_pillars, layout_caves, serial_shops, shop, rock_pile
Elf:1:    eino_elf_arrival_customs, layout_loops_corners,
          hangedman_elf_disciples
Elf:2:    nicolae_elf_blades_splatter_lattice [nicolae_blade_entry_antechamber],
          layout_gridlike, gammafunk_ghost_split,
          portal_ice_cave_entry_ice_statue_two, minmay_shop_star, uniq_agnes
Elf:3:    elf_hall, layout_geoelf_castle, minivault_5
Vaults:1: ebering_vaults_ghost_inner_flame, vaults_room_stairs_pillars,
          ontoclasm_vaults_gateway, serial_ice_b, hangedman_vaults_stream,
          v_misc_13, nicolae_vaults_ninety_degrees, hangedman_vaults_corner,
          v_misc_11, nicolae_vaults_rhombus_5, nicolae_vaults_mini_display_case,
          ontoclasm_vaults_chip, layout_vaults_chaotic_city
Vaults:2: v_pattern_3, nicolae_vaults_three_branches,
          nicolae_vaults_puzzle_piece, hangedman_vaults_maws,
          nicolae_vaults_rhombus_7, v_rooms_3, vaults_mumra_hex,
          vaults_dpeg_hooks, nicolae_vaults_little_squares_4,
          layout_vaults_quadrants, serial_shops, shop_fountains, uniq_xtahua
Vaults:3: st_spiral_rooms, hangedman_vaults_pinch,
          ontoclasm_vaults_claustrophobia, vaults_room_pools,
          ontoclasm_vaults_decontamination, v_misc_10, v_misc_31, v_rooms_2,
          vaults_mumra_chevron_long, nicolae_vaults_ring_of_whatevers,
          dpeg_vaults_monster_box, ontoclasm_vaults_spin,
          ontoclasm_vaults_fault, minmay_crypt_entry_simple_box,
          layout_vaults_ring
Vaults:4: vaults_room_grid, v_misc_15, vaults_room_semicircle,
          vaults_dpeg_cross, nicolae_vaults_specimen_jars,
          ontoclasm_vaults_ring_large, vaults_room_corners, v_pattern_1,
          nicolae_vaults_what_the_h, grunt_vaults_trifunnel, v_misc_17,
          layout_vaults_maze, serial_shops, shop, nicolae_square_shop,
          shop_statue, nicolae_shop_statue_plus, nicolae_shop_stone,
          portal_desolation_entry_nicolae_slug, mu_enter_wizlab_4
Vaults:5: serial_shops
Crypt:1:  layout_basic, gammafunk_ghost_grave, grunt_crypt_arrival_split,
          uniq_margery, uniq_bai_suzhen, uniq_frederick
Crypt:2:  layout_rooms, nrook_guardian_serpent_ordinary, lemuel_elevator
Crypt:3:  david_glass_crypt, layout_misc_corridors, tomb_entry_sphere_bobbens
Tomb:1:   uniq_sojobo
Tomb:2
Depths:1: layout_roguey, gammafunk_ghost_crypt, kennysheep_pointless_box,
          grunt_mini_vestibule, special_room [special_room_jelly], ice2_lemuel,
          serial_bayou_shore_a
Depths:2: nzn_winding_woodlands_large [nzn_winding_woodlands_5x5_open_star,
          nzn_winding_woodlands_5x15_default, nzn_winding_woodlands_5x5_cross,
          nzn_winding_woodlands_center_diamonds,
          nzn_winding_woodlands_15x15_five_gardens,
          nzn_winding_woodlands_center_triple_pond,
          nzn_winding_woodlands_5x5_perimeter,
          nzn_winding_woodlands_5x15_jagged, nzn_winding_woodlands_hourglass],
          layout_honeycomb, abyss_entry, pf_hell_entry_tar_spiral,
          nicolae_wu_jian_wuxing_cycle, due_unseen_surprise, uniq_enchantress,
          uniq_nikola
Depths:3: cheibrodos_cascadia, layout_cave_pools, enter_ziggurat_a, hell_entry,
          special_room [special_room_morgue], hangedman_abyss_entry_splay,
          minmay_misc_feat_chi, grunt_pan_entry_spiral
Depths:4: minmay_the_grid_triangle_9x9_line_8_mashed
          [minmay_the_grid_triangle_9x9_limited_checkers,
          minmay_the_grid_triangle_9x9_fully_insulated_deathbox,
          minmay_the_grid_triangle_9x9_odd_lines,
          minmay_the_grid_triangle_9x9_dagger,
          minmay_the_grid_triangle_9x9_stretched_checkered,
          minmay_the_grid_triangle_9x9_steps,
          minmay_the_grid_triangle_9x9_corrupted_corridor,
          minmay_the_grid_triangle_9x9_prize_center], layout_gridville,
          chequers_serial_rivers_marsh, marbit_kobold_abyss_entry,
          grunt_pan_entry_zigzag, pf_dread_powers_of_hell, firewood_loft,
          infiniplex_staircase_pool_2
Depths:5: grunt_zot_entry_hairpin, layout_basic, hell_entry, grunt_megastairs_5,
          minmay_shop_grove, uniq_mennas
Hell
Dis:1:    layout_subdivisions
Dis:2:    layout_regular_city, hangedman_dis_decor_blocks_crown
Dis:3:    layout_gridville, nicolae_dis_hell_towers
Dis:4:    layout_jigsaw, hangedman_dis_decor_blocks_mantle
Dis:5:    layout_gridville, grunt_megastairs_2
Dis:6:    layout_subdivisions, hangedman_dis_decor_blocks_talon
Dis:7:    dis_hangedman
Geh:1:    layout_gehenna_pools_basic, lemuel_flamethrower_2
Geh:2:    layout_gehenna_pools_box, grunt_megastairs_1
Geh:3:    layout_gehenna_lava_caves
Geh:4:    layout_gehenna_lava_caves
Geh:5:    layout_gehenna_lava_caves, lemuel_elevator
Geh:6:    layout_gehenna_pools_box, door_vault
Geh:7:    geh_hangedman
Coc:1:    layout_cocytus_water_paths
Coc:2:    layout_cocytus_water_paths, lemuel_elevator
Coc:3:    layout_cocytus_delve, nooodl_cocytus_jagged_cave
Coc:4:    layout_cocytus_water_paths
Coc:5:    layout_ice_bergs
Coc:6:    layout_cocytus_water_paths
Coc:7:    coc_hangedman
Tar:1:    layout_honeycomb
Tar:2:    layout_grid_maze
Tar:3:    regret_index_dithmenos_brocken_genspenst, layout_honeycomb,
          evilmike_ambush [evilmike_ambush_outer_basic,
          evilmike_ambush_inner_basic]
Tar:4:    layout_grid_maze
Tar:5:    layout_grid_maze
Tar:6:    layout_catacombs, nicolae_tar_cuneiform_bread,
          hangedman_snap_crack_crunch
Tar:7:    tar_grunt_cathedral

Skill      XL: |  1  2  3  4  5  6  7  8  9 10 11 12 13 14 15 16 17 18 19 20 21 22 23 24 25 26 27 |
---------------+----------------------------------------------------------------------------------+-----
Stealth        | 3 4 5 6 7 11 | 11.5
Fire Magic     | 4 5 6 7 9 10 12 13 14 15 16 17 18 19 20 21 22 23 24 27 | 27.0
Spellcasting   | 3 4 5 6 7 8 9 10 11 12 13 14 15 16 17 18 19 27 | 27.0
Conjurations   | 2 4 5 7 8 10 11 12 13 14 15 16 17 18 19 20 21 22 23 27 | 27.0
Translocations | 1 2 3 4 5 16 | 16.0
Axes           | 1 2 |  2.0
Fighting       | 1 2 3 4 9 |  9.6
Invocations    | 1 4 5 7 8 11 | 11.4
Short Blades   | 1 2 3 |  3.0
Dodging        | 3 4 5 6 20 | 20.3
Hexes          | 1 2 3 4 6 7 8 9 10 11 | 11.1
Summonings     | 1 3 4 6 7 9 10 | 10.0
Shields        | 1 2 4 5 6 7 20 | 20.6
Staves         | 2 3 8 |  8.7
Earth Magic    | 1 2 3 4 5 21 | 21.1
Evocations     | 3 |  3.1
Ice Magic      | 14 | 14.4
Air Magic      | 1 |  1.8
Unarmed Combat | |  0.3

Action                   |  1- 3 |  4- 6 |  7- 9 | 10-12 | 13-15 | 16-18 | 19-21 | 22-24 | 25-27 || total
-------------------------+-------+-------+-------+-------+-------+-------+-------+-------+-------++-------
Melee: Unarmed           |    10 |       |       |       |       |       |       |       |       ||    10
       Constrict         |     6 |     4 |    13 |    13 |    25 |     9 |    12 |     2 |   137 ||   221
       Tentacles         |     1 |     2 |    10 |     6 |    28 |    13 |    41 |     7 |   393 ||   501
       Dagger            |     5 |    12 |       |       |       |       |       |       |       ||    17
       Hand axe          |       |    11 |     4 |       |       |       |       |       |       ||    15
       War axe           |       |       |    15 |       |       |       |       |       |       ||    15
       Short sword       |       |       |    37 |     3 |       |       |       |       |       ||    40
       Rapier            |       |       |       |    55 |    13 |       |       |       |       ||    68
       Staff             |       |       |       |       |   124 |    47 |    97 |    14 |  1155 ||  1437
       Punch             |       |       |       |       |       |       |       |       |     6 ||     6
 Cast: Foxfire           |    55 |   129 |   141 |   495 |   435 |   153 |   480 |   109 |   193 ||  2190
       Conjure Flame     |       |       |     3 |    14 |     3 |       |       |       |       ||    20
       Inner Flame       |       |       |     1 |    67 |    93 |   152 |   207 |   114 |    82 ||   716
       Blink             |       |       |     1 |    14 |    25 |    34 |    47 |    18 |    78 ||   217
       Sticky Flame      |       |       |     6 |    34 |    50 |    22 |    72 |    36 |     9 ||   229
       Fireball          |       |       |       |    41 |   103 |   165 |   232 |   131 |   126 ||   798
       Summon Guardian G |       |       |       |    13 |    17 |     1 |     2 |       |       ||    33
       Hailstorm         |       |       |       |       |     8 |     2 |     8 |     1 |     4 ||    23
       Bolt of Magma     |       |       |       |       |    11 |    19 |    29 |    17 |   867 ||   943
       Orb of Destructio |       |       |       |       |    16 |    63 |    53 |    54 |   171 ||   357
       Spellforged Servi |       |       |       |       |       |     3 |     1 |     2 |     1 ||     7
       Iskenderun's Myst |       |       |       |       |       |     2 |     4 |     2 |   287 ||   295
       Fire Storm        |       |       |       |       |       |       |    18 |    72 |   520 ||   610
       Iron Shot         |       |       |       |       |       |       |       |       |   591 ||   591
       Lehudib's Crystal |       |       |       |       |       |       |       |       |   349 ||   349
       Dispersal         |       |       |       |       |       |       |       |       |    29 ||    29
       Disjunction       |       |       |       |       |       |       |       |       |    11 ||    11
       Ignition          |       |       |       |       |       |       |       |       |     9 ||     9
       Airstrike         |       |       |       |       |       |       |       |       |     3 ||     3
       Chain Lightning   |       |       |       |       |       |       |       |       |     1 ||     1
Invok: Channel Magic     |       |       |     1 |     5 |     4 |    15 |    18 |    11 |   125 ||   179
       Divine Exegesis   |       |       |       |       |       |       |       |       |     1 ||     1
Evoke: Wand              |       |       |     2 |     8 |     4 |     2 |       |       |    22 ||    38
       Lightning rod     |       |       |       |       |     3 |     1 |     1 |       |       ||     5
       Staff of Dispater |       |       |       |       |       |       |       |       |     5 ||     5
       Sceptre of Asmode |       |       |       |       |       |       |       |       |     5 ||     5
       Horn of Geryon    |       |       |       |       |       |       |       |       |     1 ||     1
  Use: Scroll            |       |       |     4 |    12 |    10 |     5 |     7 |     3 |    30 ||    71
       Potion            |       |       |     3 |    11 |     2 |     8 |    15 |     8 |    27 ||    74
 Stab: Sleeping          |     1 |     4 |     1 |     3 |     7 |     1 |       |       |     8 ||    25
       Confused          |       |       |       |       |       |       |       |       |     3 ||     3
       Distracted        |       |       |       |       |       |       |       |       |     1 ||     1
Armor: Skin              |     2 |     3 |    12 |     6 |    61 |    22 |   121 |    21 |   383 ||   631
Dodge: Dodged            |    19 |    22 |    34 |    87 |   144 |    85 |   224 |    54 |  1032 ||  1701
Block: Other             |       |       |       |     7 |    16 |       |       |       |       ||    23
       Reflection        |       |       |       |     1 |     3 |    28 |    16 |    12 |    16 ||    76
       Buckler           |       |       |       |       |    57 |   103 |   262 |    44 |  1161 ||  1627

Table legend: (Time is in decaauts)
 A = Elapsed time spent in this place.
 B = Non-inter-level travel time spent in this place.
 C = Inter-level travel time spent in this place.
 D = Time resting spent in this place.
 E = Time spent auto-exploring this place.
 F = Levels seen in this place.
 G = Mean time per level.
                   A        B        C        D        E       F      G
               +--------+--------+--------+--------+--------+-----+--------+
         Total | 149634 | 143118 |   6516 |  50623 |  54658 |  87 | 1719.9 |
       Dungeon |  22657 |  20362 |   2295 |   2792 |  13788 |  15 | 1510.5 |
        Temple |     14 |     14 |      0 |      0 |      0 |   1 |   14.0 |
          Lair |  12760 |  11851 |    909 |   2528 |   5900 |   6 | 2126.7 |
        Shoals |   8246 |   8042 |    204 |   1611 |   4931 |   4 | 2061.5 |
   Spider Nest |   7021 |   6873 |    148 |   3248 |   2437 |   4 | 1755.2 |
    Slime Pits |   4341 |   4271 |     70 |   1578 |   1774 |   5 |  868.2 |
  Orcish Mines |   7176 |   6458 |    718 |   1931 |   2482 |   2 | 3588.0 |
   Elven Halls |   9519 |   9144 |    375 |   2903 |   4146 |   3 | 3173.0 |
        Vaults |  14793 |  13866 |    927 |   2731 |   8370 |   5 | 2958.6 |
         Crypt |   5967 |   5621 |    346 |   1268 |   3243 |   3 | 1989.0 |
          Tomb |   4909 |   4907 |      2 |   2845 |    210 |   2 | 2454.5 |
        Depths |  14799 |  14427 |    372 |   4580 |   6424 |   5 | 2959.8 |
          Hell |   4075 |   4070 |      5 |   2958 |    419 |   1 | 4075.0 |
           Dis |   7367 |   7309 |     58 |   4359 |      0 |   7 | 1052.4 |
       Gehenna |   9799 |   9773 |     26 |   6038 |    164 |   7 | 1399.9 |
       Cocytus |   5170 |   5170 |      0 |   3145 |     76 |   7 |  738.6 |
      Tartarus |   7176 |   7122 |     54 |   3696 |      7 |   7 | 1025.1 |
      Ice Cave |   2260 |   2260 |      0 |   1685 |     27 |   1 | 2260.0 |
        Wizlab |    739 |    739 |      0 |    423 |    143 |   1 |  739.0 |
      Gauntlet |    836 |    836 |      0 |    300 |    115 |   1 |  836.0 |
               +--------+--------+--------+--------+--------+-----+--------+

Top non-repeatable levels by time:
   Orc:2: 5241 daAuts
  Tomb:1: 4888 daAuts
Depths:1: 4092 daAuts
    Hell: 4075 daAuts
   Elf:3: 3817 daAuts
Vaults:2: 3645 daAuts
   Dis:7: 3635 daAuts
     D:9: 3577 daAuts
Depths:2: 3567 daAuts
   Geh:7: 3485 daAuts
Vaults:3: 3416 daAuts
   Coc:7: 3263 daAuts
   Tar:7: 3043 daAuts
Depths:4: 3001 daAuts
   Elf:1: 2974 daAuts
